 Dungeon Crawl Stone Soup version 0.18-a0-750-g37044d6 (webtiles) character file.

105 cluie the Insei (level 4, 0/33 HPs)
             Began as a Demonspawn Transmuter on Dec 12, 2015.
             Succumbed to Hat Dysh's poison
             ... on level 3 of the Dungeon.
             The game lasted 00:05:17 (2009 turns).

cluie the Insei (Demonspawn Transmuter)             Turns: 2009, Time: 00:05:18

Health: 0/33       AC:  7    Str:  9    XL:     4   Next: 54%
Magic:  7/7        EV: 13    Int: 16    God:
Gold:   109        SH:  0    Dex: 13    Spells: 3 memorised, 1 level left

rFire  . . .     SeeInvis +       - Unarmed
rCold  . . .     Clarity  .     z - +1 robe
rNeg   . . .     SustAt   .     (no shield)
rPois  .         Gourm    .     (no helmet)
rElec  .         Spirit   .     (no cloak)
rCorr  .         Dismiss  .     (no gloves)
rMut   .         Stasis   .     (no boots)
MR     .....                    (no amulet)
Stlth  +.........               y - ring of wizardry
                                v - ring of wizardry

@: lethally poisoned (0 -> -21), not resistant to hostile enchantments, very
unstealthy
A: rough black scales 1, see invisible, demonic guardian 1
a: no special abilities


You were on level 3 of the Dungeon.
You were not hungry.

You visited 1 branch of the dungeon, and saw 3 of its levels.

You collected 109 gold pieces.

Inventory:

Missiles
 a - 66 arrows
Armour
 z - a +1 robe (worn)
Jewellery
 j - an uncursed ring of fire
 k - an uncursed ring of sustain attributes
 v - a ring of wizardry (left hand)
 y - a ring of wizardry (right hand)
Scrolls
 n - a scroll of remove curse
 q - a scroll of noise
 s - a scroll of identify
Potions
 h - 2 potions of heal wounds {unknown}
 i - a potion of mutation {unknown}
 l - a potion of flight {unknown}
 m - 2 potions of resistance {unknown}
 r - a potion of lignification {unknown}
 u - a potion of poison {unknown}
Books
 c - a book of Changes

   Spells                             Type                      Level
   a - Beastly Appendage              Transmutation                1
   b - Sticks to Snakes               Transmutation                2
   c - Spider Form                    Transmutation/Poison         3
   d - Ice Form                       Ice/Transmutation            4
   e - Blade Hands                    Transmutation                5
Comestibles
 b - 5 chunks of flesh
 d - 3 bread rations
 f - 3 meat rations
 g - a beef jerky


   Skills:
 + Level 2.2 Fighting
 * Level 3.1 Dodging
 * Level 3.6 Unarmed Combat
 - Level 2.0 Spellcasting
 - Level 1.7 Transmutations


You had one spell level left.
You knew the following spells:

 Your Spells              Type           Power        Failure   Level  Hunger
a - Beastly Appendage     Trmt           #.....       3%          1    #......
b - Sticks to Snakes      Trmt           #.......     4%          2    ###....
c - Spider Form           Trmt/Pois      #.........   16%         3    ###....


Dungeon Overview and Level Annotations

Branches:
Dungeon (3/15)

Altars:
Nemelex Xobeh


Innate Abilities, Weirdness & Mutations

You are partially covered in rough black scales (AC +4, Dex -1).
A weak demonic guardian rushes to your aid.
You have supernaturally acute eyesight.


Message History

You draw a card...
It is the Mercenary.
You cannot afford Yxtiguff's fee of 302 gold!
Yxtiguff attacks!
Yxtiguff the merfolk comes into view. It is wielding a trident of protection.
* * * LOW HITPOINT WARNING * * *
You feel sick.
The orc moves out of view.
The orc hits you but does no damage.
You draw a card...
It is Focus.
The deck of cards disappears without a trace.
You are now empty-handed.
You feel clever.
You feel weaker.
* * * LOW HITPOINT WARNING * * *
You feel sick. Hat Dysh misses you. Hat Dysh closely misses you.
The orc closely misses you.
Your white imp gestures at the orc.
The puff of frost hits the orc.
Yxtiguff completely misses you.
Unknown command.
You aren't carrying any items that can be evoked.
You hit the orc but do no damage.
You die...

#.# ... #.# ...
#.### ...## #.).##
....#######..###
....##.........#
....##(.......m###
...5##.....o5.oo5#
[.......([.....#@#
...$((((K(.....#N#
..####.).......###
.. #.........# .
#.........# #
#.........#
###########


You could see Yxtiguff the merfolk, Hat Dysh the naga, 3 orcs, a friendly iron
imp and a friendly white imp.

Vanquished Creatures
  A worker ant (D:2)
  2 adders (D:2)
  3 worms
  An orc (D:3)
  A ball python (D:1)
  7 goblins
  8 hobgoblins
  6 kobolds
  12 bats
  4 giant cockroaches
  4 giant newts
  6 rats
55 creatures vanquished.

Vanquished Creatures (collateral kills)
  An orc (D:3)
  A bat (D:3)
  A kobold (D:3)
3 creatures vanquished.

Grand Total: 58 creatures vanquished

Notes
Turn   | Place    | Note
--------------------------------------------------------------
     0 | D:1      | cluie the Demonspawn Transmuter began the quest for the Orb.
     0 | D:1      | Reached XP level 1. HP: 15/15 MP: 3/3
   310 | D:1      | Gained mutation: You are partially covered in rough black scales (AC +4, Dex -1). [demonic ancestry]
   310 | D:1      | Reached XP level 2. HP: 11/21 MP: 5/5
   438 | D:1      | Reached skill level 3 in Unarmed Combat
   945 | D:2      | Reached XP level 3. HP: 23/26 MP: 6/6
  1068 | D:2      | Learned a level 2 spell: Sticks to Snakes
  1269 | D:2      | Found a sparkling altar of Nemelex Xobeh.
  1303 | D:2      | Learned a level 3 spell: Spider Form
  1323 | D:2      | Found a faded altar to an unknown god.
  1347 | D:2      | Gained mutation: A weak demonic guardian rushes to your aid. [demonic ancestry]
  1347 | D:2      | Reached XP level 4. HP: 8/33 MP: 3/7
  1976 | D:3      | Noticed Biasidec
  2003 | D:3      | Drew Focus: Int increased to 15, Str decreased to 10
  2005 | D:3      | Noticed Hat Dysh
  2006 | D:3      | Gained mutation: You have supernaturally acute eyesight. [helix card]
  2007 | D:3      | Noticed Yxtiguff
  2008 | D:3      | Drew Focus: Int increased to 16, Str decreased to 9
  2009 | D:3      | Succumbed to Hat Dysh's poison

Vault maps used:
D:1:      dpeg_arrival_tiny_a, serial_bayou_pond_d, minivault_24
D:2:      nemelex_deck, ecumenical_altar_1
D:3:      lemuel_round_altar, overflow_temple_1_default, gup_sewer_entry_glass

Action                   |  1- 3 |  4- 6 || total
-------------------------+-------+-------++-------
Melee: Unarmed           |   176 |    68 ||   244
 Cast: Beastly Appendage |     3 |       ||     3
       Spider Form       |     1 |       ||     1
Evoke: Deck              |       |     8 ||     8
  Use: Scroll            |       |     7 ||     7
 Stab: Sleeping          |     1 |       ||     1
  Eat: Chunk             |     2 |     2 ||     4
